 Dungeon Sprint DCSS version 0.31-a0-702-gf82c85558f (webtiles) character file.

Game seed: 305839888155359182

4198 sircluck the Grappler (level 10, -4/115 HPs)
             Began as a Troll Berserker on Sept 8, 2023.
             Was the Champion of Trog.
             Slain by a killer bee (6 damage)
             ... in the Dungeon (Sprint III: "The Ten Rune Challenge").
             The game lasted 00:04:29 (628 turns).

sircluck the Grappler (Troll Berserker)              Turns: 628, Time: 00:04:30

Health: -4/115     AC:  5    Str: 31    XL:     10   Next: 8%
Magic:  4/9        EV: 13    Int:  3    God:    Trog [******]
Gold:   50         SH:  0    Dex:  9    Spells: 9/9 levels left

rFire   + .          .
                       - Unarmed
rCold   . . .        (no shield)
rNeg    . . .        a - +0 animal skin
rPois   .            (helmet restricted)
rElec   .            (no cloak)
rCorr   .            (gloves unavailable)
SInv    .            (boots unavailable)
Will    .....        (no amulet)
Stlth   +            (no ring)
HPRegen 1.19/turn    (no ring)
MPRegen 0.11/turn

%: no teleportation
@: on berserk cooldown, slowed, very slow
A: large, unfitting armour, claws 3, regeneration 1, shaggy fur 1, tough skin 1,
iridescent scales 1, deformed body, fire resistance 1, inability to drink after
injury 1, MP-powered wands
a: Renounce Religion, Berserk, Trog's Hand, Brothers in Arms


You were in the Dungeon.
You worshipped Trog.
Trog was exalted by your worship.
You visited 1 branch You collected 50 gold pieces.

Inventory:

Armour
 a - a +0 animal skin (worn)
Wands
 n - a wand of flame (29)
 o - a wand of roots (6)
Scrolls
 i - 2 scrolls of torment {unknown}
 j - a scroll of summoning {unknown}
 l - 3 scrolls of identify {unknown}
Potions
 b - a potion of curing
 d - a potion of haste
 e - 2 potions of magic
 f - a potion of berserk rage
 h - 2 potions of mutation
 k - a potion of invisibility {unknown}
 m - a potion of resistance {unknown}


   Skills:
 + Level 12.0 Fighting
 + Level 11.9 Dodging
 + Level 14.0 Unarmed Combat


You had 9 spell levels left.
You didn't know any spells.
Your spell library was empty.

Dungeon Overview and Level Annotations

Branches:
Dungeon (1/1)

Altars:
Cheibriados
Dithmenos
Elyvilon
Fedhas
Gozag
Hepliaklqana
Kikubaaqudgha
Makhleb
Nemelex Xobeh
Okawaru
Qazlal
Ru
Sif Muna
Trog
Uskayaw
Vehumet
Wu Jian
Xom
Yredelemnul
Zin
The Shining One
Jiyva
Lugonu


Innate Abilities, Weirdness & Mutations

You are too large for most types of armour.
You have claws for hands.
Your natural rate of healing is unusually fast.
You are covered in fur. (AC +1)
You have tough skin. (AC +1)
You are partially covered in iridescent scales. (AC +2)
Armour fits poorly on your strangely shaped body.
Your flesh is heat resistant. (rF+)
You occasionally lose the ability to drink potions when taking damage.
You expend magic power (3 MP) to strengthen your wands.


Message History

Aim: a killer bee (heavily wounded, 43% to hit)
You feel a surge of power!
The puff of flame hits the killer bee.
The killer bee is severely wounded.
You feel sick. The killer bee closely misses you. The killer bee misses you.
The killer bee closely misses you. The killer bee misses you.
The killer bee barely misses you. x2
You claw the killer bee!
You kill the killer bee!
Trog accepts your kill.
You feel sick.
The killer bee stings you but does no damage.
The killer bee stings you.
* * * LOW HITPOINT WARNING * * *
Your Fighting skill increases to level 12!
Unknown command.
You mangle the killer bee!!
You kill the killer bee!
Trog accepts your kill.
You feel sick.
You are no longer poisoned.
Unknown command.
You mangle the killer bee!!
You kill the killer bee!
Trog accepts your kill.
The killer bee stings you but does no damage.
The killer bee misses you.
Your Unarmed Combat skill increases to level 14!
Unknown command.
You mangle the killer bee!!
You kill the killer bee!
Trog accepts your kill.
You miss the killer bee. The killer bee stings you.
* * * LOW HITPOINT WARNING * * *
The killer bee stings you.
* * * LOW HITPOINT WARNING * * *
The killer bee completely misses you. The killer bee misses you.
The killer bee stings you!
* * * LOW HITPOINT WARNING * * *
The killer bee stings you.
You die...

#)## ...# ...# ##'#
...#+###########################
...#....#.#.#.....#^....††yy.~≈#
...##.#..#.##.###)#..^.^)#yy.~≈#
...'##)#.#.##)#.y##^....)#.y.~≈≈≈
...#..)#..#..##.@yy......#...~~~~
▓▓▓▓▓▓▓▓▓▓▓▓▓▓▓▓▓#....^..#.......
#.^..^..#....... +...^^..#.......
#......^######## ##+######


You could see 3 killer bees.

Vanquished Creatures
  Erolcha (D)
  A deep elf pyromancer (D)
  A shadow (D)
  2 redbacks (D)
  A spatial vortex (D)
  5 two-headed ogres (D)
  A necrophage (D)
  A water elemental (D)
  14 killer bees (D)
  A jelly (D)
  A necromancer (D)
  A wizard (D)
  3 humans (D)
  A kobold demonologist (D)
  A phantom (D)
  An endoplasm (D)
  3 rats (D)
39 creatures vanquished.

Vanquished Creatures (collateral kills)
  A queen bee (D)
  14 killer bees (D)
15 creatures vanquished.

Grand Total: 54 creatures vanquished

Notes
Turn   | Place    | Note
-------+----------+-------------------------------------------
     0 | D        | sircluck the Troll Berserker began the quest for the Orb.
     0 | D        | Reached XP level 1. HP: 22/22 MP: 0/0
    30 | D        | Reached ** piety under Trog
    65 | D        | Reached skill level 4 in Unarmed Combat
    65 | D        | Reached XP level 2. HP: 8/31 MP: 1/1
   109 | D        | Noticed a water elemental
   123 | D        | Gained mutation: You are dopey. (Int -2) [potion of
                  | mutation]
   123 | D        | Gained mutation: You possess an exceptional clarity of
                  | mind. [potion of mutation]
   123 | D        | Gained mutation: You occasionally lose the ability to drink
                  | potions when taking damage. [potion of mutation]
   123 | D        | Gained mutation: You have large cloven feet. [potion of
                  | mutation]
   124 | D        | Lost mutation: You are dopey. (Int -2) [potion of mutation]
   124 | D        | Lost mutation: You possess an exceptional clarity of mind.
                  | [potion of mutation]
   124 | D        | Gained mutation: Your spells are a little harder to cast,
                  | but a little more powerful. [potion of mutation]
   124 | D        | Gained mutation: You expend magic power (3 MP) to
                  | strengthen your wands. [potion of mutation]
   125 | D        | Lost mutation: You expend magic power (3 MP) to strengthen
                  | your wands. [potion of mutation]
   125 | D        | Lost mutation: You have large cloven feet. [potion of
                  | mutation]
   125 | D        | Lost mutation: Your spells are a little harder to cast, but
                  | a little more powerful. [potion of mutation]
   125 | D        | Gained mutation: You are partially covered in iridescent
                  | scales. (AC +2) [potion of mutation]
   125 | D        | Gained mutation: You have hidden genetic potential. [potion
                  | of mutation]
   125 | D        | Gained mutation: Armour fits poorly on your strangely
                  | shaped body. [potion of mutation]
   134 | D        | Killed a water elemental
   134 | D        | Reached *** piety under Trog
   135 | D        | Reached skill level 5 in Unarmed Combat
   135 | D        | Reached XP level 3. HP: 29/40 MP: 2/2
   135 | D        | Reached XP level 4. HP: 36/49 MP: 3/3
   142 | D        | Found a radiant altar of Vehumet.
   142 | D        | Found a shimmering blue altar of Sif Muna.
   142 | D        | Found an ancient bone altar of Kikubaaqudgha.
   142 | D        | Noticed a wizard
   143 | D        | Killed a wizard
   144 | D        | Reached skill level 5 in Fighting
   144 | D        | Reached skill level 5 in Dodging
   144 | D        | Reached skill level 6 in Unarmed Combat
   147 | D        | Reached **** piety under Trog
   154 | D        | Gained mutation: You expend magic power (3 MP) to
                  | strengthen your wands. [hidden potential]
   168 | D        | Found a basalt altar of Yredelemnul.
   168 | D        | Found a shadowy altar of Dithmenos.
   168 | D        | Found a sacrificial altar of Ru.
   168 | D        | Noticed a necrophage
   171 | D        | Killed a necrophage
   172 | D        | Reached skill level 7 in Unarmed Combat
   172 | D        | Reached XP level 5. HP: 59/59 MP: 4/4
   177 | D        | Gained mutation: Your flesh is heat resistant. (rF+)
                  | [hidden potential]
   177 | D        | Lost mutation: You have hidden genetic potential. [hidden
                  | potential expressed]
   187 | D        | Found a hide-covered altar of Uskayaw.
   187 | D        | Found an iron altar of Okawaru.
   187 | D        | Found a bloodstained altar of Trog.
   187 | D        | Found an ornate altar of the Wu Jian Council.
   187 | D        | Noticed a human
   188 | D        | Noticed a human
   192 | D        | Killed a human
   193 | D        | Reached skill level 8 in Unarmed Combat
   193 | D        | Reached XP level 6. HP: 71/71 MP: 5/5
   196 | D        | Killed a human
   196 | D        | Reached ***** piety under Trog
   197 | D        | Reached skill level 9 in Unarmed Combat
   241 | D        | Found a glowing silver altar of Zin.
   241 | D        | Found a glowing golden altar of the Shining One.
   241 | D        | Found a white marble altar of Elyvilon.
   242 | D        | Noticed a deep elf pyromancer
   248 | D        | Killed a deep elf pyromancer
   249 | D        | Reached skill level 10 in Unarmed Combat
   249 | D        | Reached XP level 7. HP: 79/81 MP: 6/6
   268 | D        | Noticed a shadow
   278 | D        | Killed a shadow
   279 | D        | Reached XP level 8. HP: 37/92 MP: 7/7
   328 | D        | Found a blossoming altar of Fedhas.
   328 | D        | Found a stormy altar of Qazlal.
   328 | D        | Found a snail-covered altar of Cheibriados.
   328 | D        | Found a burning altar of Makhleb.
   328 | D        | Found a shimmering altar of Xom.
   329 | D        | Found a hazy altar of Hepliaklqana.
   329 | D        | Found an opulent altar of Gozag.
   329 | D        | Found a sparkling altar of Nemelex Xobeh.
   329 | D        | Found a corrupted altar of Lugonu.
   329 | D        | Found a viscous altar of Jiyva.
   358 | D        | Reached skill level 11 in Unarmed Combat
   367 | D        | Reached ****** piety under Trog
   430 | D        | Noticed a two-headed ogre
   435 | D        | Killed a two-headed ogre
   436 | D        | Reached skill level 10 in Fighting
   441 | D        | Noticed Erolcha
   442 | D        | Noticed a two-headed ogre
   445 | D        | Killed Erolcha
   445 | D        | Received a gift from Trog
   446 | D        | Reached skill level 10 in Dodging
   446 | D        | Reached skill level 12 in Unarmed Combat
   446 | D        | Reached XP level 9. HP: 102/102 MP: 2/8
   450 | D        | Killed a two-headed ogre
   485 | D        | Reached skill level 13 in Unarmed Combat
   540 | D        | Identified the +7 battleaxe of Vanity {flame, Contam +Blink
                  | rN+ Dex+3} (Trog gifted it to you in the Dungeon)
   540 | D        | Received a gift from Trog
   594 | D        | Noticed a queen bee
   599 | D        | Received a gift from Trog
   601 | D        | Killed a queen bee
   610 | D        | Reached XP level 10. HP: 21/115 MP: 9/9
   627 | D        | Reached skill level 14 in Unarmed Combat
   628 | D        | HP: 2/115 [killer bee (8)]
   628 | D        | Slain by a killer bee

Illustrated notes

Levels and vault maps discovered:
D:        dungeon_sprint_mu [sprint_mu_entry_cave, sprint_mu_temple_rooms,
          sprint_mu_d1_spiders, sprint_mu_d2_genie, sprint_mu_d3_branching,
          sprint_mu_orc_legion, sprint_mu_elf_gauntlet, sprint_mu_hive_nellie,
          sprint_mu_lair_fedhas, sprint_mu_vaults_butterflies,
          sprint_mu_slime_circle, sprint_mu_swamp_cave, sprint_mu_shoals_kraken,
          sprint_mu_blade_basic, sprint_mu_crypt_fortress,
          sprint_mu_tomb_spiral, sprint_mu_vestibule_basic,
          sprint_mu_gehenna_hellfire, sprint_mu_dis_giant,
          sprint_mu_tartarus_statrot, sprint_mu_cocytus_islands, sprint_mu_zot1]

Skill      XL: |  1  2  3  4  5  6  7  8  9 10 |
---------------+-------------------------------+-----
Fighting       | 3 4 5 7 8 9 10 11 12 | 12.0
Dodging        | 3 4 5 6 8 9 10 11 | 11.9
Unarmed Combat | 4 5 7 8 10 12 13 14 | 14.0

Action                     |  1- 3 |  4- 6 |  7- 9 | 10-12 || total
---------------------------+-------+-------+-------+-------++-------
  Melee: Unarmed           |    20 |    21 |    76 |    10 ||   127
         Punch             |     1 |     1 |     3 |       ||     5
 Invoke: Berserk           |       |     1 |     1 |       ||     2
         Brothers in Arms  |       |       |     3 |       ||     3
  Evoke: Wand              |       |       |     2 |     2 ||     4
    Use: Potion            |     3 |       |       |     2 ||     5
         Scroll            |       |       |       |     1 ||     1
 Armour: Animal skin       |     7 |    14 |    44 |    19 ||    84
  Dodge: Dodged            |     9 |     5 |    51 |    24 ||    89

Table legend: (Time is in decaauts)
 A = Elapsed time spent in this place.
 B = Non-inter-level travel time spent in this place.
 C = Inter-level travel time spent in this place.
 D = Time resting spent in this place.
 E = Time spent auto-exploring this place.
 F = Levels seen in this place.
 G = Mean time per level.
                   A        B        C        D        E       F      G
               +--------+--------+--------+--------+--------+-----+--------+
         Total |    618 |    613 |      5 |    210 |     86 |   1 |  618.0 |
       Dungeon |    618 |    613 |      5 |    210 |     86 |   1 |  618.0 |
               +--------+--------+--------+--------+--------+-----+--------+

Top non-repeatable levels by time:
       D: 618 daAuts
